woodfighter, chaotic female elven Rogue ---------------- |.<.............#### |..............| |..............| |..............-#f# -|--.----.------ @ # #### # #qB # ### ### ### d # ##### # -----.-----|- |...........| |..(........| |...........| |...........| ------------- woodfighter the Cutpurse Experience level: 4 Strength: 15 Dexterity: 19 Constitution: 13 Intelligence: 9 Wisdom: 11 Charisma: 9 Health: 0(37) Energy: 21(21) Def: 4 Gold: 0 Moves: 1649 Dungeon seed: 10Eqb4TZPy2AEBD6 Game ID: woodfighter_1511196635 Your Inventory: Weapons a - a +0 elven short sword (weapon in hand) b - 4 +0 elven daggers (in quiver) Armor e - an uncursed +1 leather armor (being worn) n - an uncursed +0 orcish helm (being worn) q - an uncursed +0 mummy wrapping Comestibles o - an uncursed sprig of wolfsbane T - an uncursed pear Wands h - a wand of opening (0:3) i - a wand of striking (0:4) Tools g - an uncursed blindfold s - an uncursed sack y - an uncursed lock pick S - a bag of tricks (0:7) Contents of the sack: 418 gold pieces a [uncursed] scroll of blank paper an uncursed scroll of enchant armor a [uncursed] scroll of scare monster a [uncursed] scroll of teleportation 2 [uncursed] potions of object detection an uncursed potion of sickness Spells and supernatural/magical abilities: Name Level Category Fail Memory W - pray for help -- divine ? -- Your skills at the end: Miscellaneous Skills wands [Basic] Weapon Skills dagger [Basic] short sword [Basic] Spellcasting Skills Final Attributes: You were piously aligned. You were sleep resistant. You were telepathic. You had infravision. You were very stealthy. You are dead. Vanquished creatures: a fog cloud a kobold mummy a black naga hatchling a paper golem a giant ant a floating eye 2 iguanas 2 rothes a giant bat a large kobold 2 geckos 2 red molds 3 manes a gnome zombie a fox a kobold 4 newts 2 goblins 3 sewer rats a grid bug 2 lichens 34 creatures vanquished. Voluntary challenges: You did not adorn yourself with jewelry or accessories. You did not cause conflict. You were not invisible. You did not have reflection. You were not displaced. You used a wielded weapon 35 times, starting on turn 38. You did not apply a unicorn horn. You did not use plumbed fixtures. You did not drink any magical draughts. You were illiterate. You never genocided any monsters. You never polymorphed an object. You never changed form. You used no wishes. You never split a pudding. You never wrote Elbereth's name. You never violated your personal moral code. Dungeon overview: The Dungeons of Doom: levels 1 to 5 Level 1 an altar to Kos a long staircase Level 2 a sink stairs to The Gnomish Mines Level 3 Level 4 a fountain Level 5 <- You were here The Gnomish Mines: Level 3 stairs to The Dungeons of Doom History has recorded: On T:1 you entered the Dungeons of Doom to retrieve the Amulet of Yendor! On T:74 you reached level 2 of The Dungeons of Doom. On T:344 you advanced to experience level 2. On T:480 you reached level 1 of The Gnomish Mines. On T:560 you advanced to experience level 3. On T:652 you reached level 3 of The Dungeons of Doom. On T:871 you reached level 4 of The Dungeons of Doom. On T:1057 you advanced to experience level 4. On T:1246 you prayed to Kos. On T:1386 you reached level 5 of The Dungeons of Doom. Score breakdown: Gold: 418 ( 41 points) Experience: 4 levels ( 300 points) Exploration: 5 levels ( 120 points) Discoveries: 8 items ( 400 points) Variety of kills: 21 monsters ( 1050 points) Major goal: (nothing yet) ( 0 points) Survival: died (score multiplied by 3) Total score: 5733 Latest messages: You see here a black naga hatchling corpse. The rothe claws you! The rothe bites! (2x) You throw 2 elven daggers. The 1st elven dagger hits the rothe. The 2nd elven dagger hits the rothe. You kill the rothe! The elven dagger hits the rothe. You throw 2 elven daggers. The 1st elven dagger hits the rothe. The 2nd elven dagger hits the rothe. The elven dagger hits the rothe. The rothe claws you! The rothe misses. (2x) You kill the rothe! The elven dagger hits the rothe. The elven dagger hits the rothe. The rothe claws you! The rothe bites! (2x) You die... Final status: Goodbye woodfighter the Rogue, killed by a rothe... You died in The Dungeons of Doom on dungeon level 5 with 5733 points, and 418 pieces of gold, after 1649 moves. You were level 4 with a maximum of 37 hit points when you died.